 Dungeon Crawl Stone Soup version 0.26.0-7-g794d0892b4 (webtiles) character file.

Game seed: 308156405395776766

56 lessens the Slasher (level 3, 0/23 HPs)
             Began as a Tengu Abyssal Knight on Jan 11, 2021.
             Was a Believer of Lugonu.
             Slain by a gnoll
             ... wielding a +0 spear
              (10 damage)
             ... on level 2 of the Dungeon.
             The game lasted 00:01:36 (2077 turns).

lessens the Slasher (Tengu Abyssal Knight)          Turns: 2077, Time: 00:01:37

Health: 0/23       AC:  3    Str: 13    XL:     3   Next: 95%
Magic:  5/5        EV: 11    Int: 12    God:    Lugonu [**....]
Gold:   80         SH:  0    Dex: 13    Spells: 2/2 levels left

rFire    + . .     SeeInvis .   a - +1 falchion
rCold    . . .     Faith    .   (no shield)
rNeg     . . .     Spirit   .   b - +0 leather armour
rPois    .         Reflect  .   (helmet restricted)
rElec    .         Harm     .   (no cloak)
rCorr    .         Rampage  .   (no gloves)
Will     .....                  (boots unavailable)
Stlth    +.........             (no amulet)
HPRegen  0.07/turn              c - ring of protection from fire
MPRegen  0.09/turn              (no ring)

@: no status effects
A: beak, talons 3
a: Renounce Religion, Depart the Abyss, Bend Space


You were on level 2 of the Dungeon.
You worshipped Lugonu.
Lugonu was pleased with you.
You visited 1 branch of the dungeon, and saw 2 of its levels.
You visited the Abyss 1 time.

You collected 80 gold pieces.

Inventory:

Hand Weapons
 a - a +1 falchion (weapon)
Missiles
 e - 102 stones
Armour
 b - a +0 leather armour (worn)
 h - a +0 pair of gloves of dexterity
Jewellery
 c - a ring of protection from fire (left hand)
Scrolls
 d - a scroll of immolation {unknown}
 i - a scroll of noise {unknown}
 m - a scroll of teleportation {unknown}
Potions
 f - a potion of heal wounds {unknown}
 g - a potion of flight {unknown}
 j - a potion of curing {unknown}
 k - a potion of lignification {unknown}
 l - a potion of mutation {unknown}


   Skills:
 - Level 3.0 Fighting
 * Level 4.5 Long Blades
 - Level 2.1 Armour
 - Level 1.1 Dodging
 + Level 1.5 Invocations


You had 2 spell levels left.
You didn't know any spells.
Your spell library was empty.

Dungeon Overview and Level Annotations

Branches:
Dungeon (2/15)

Altars:
Nemelex Xobeh


Innate Abilities, Weirdness & Mutations

You have a beak for a mouth.
You have claws for feet.


Message History

a +0 club; a goblin corpse
e - 102 stones (gained 26)
You see here a robe.
A gnoll comes into view. It is wielding a +0 spear.
The gnoll shouts!
A gnoll comes into view. It is wielding a +0 halberd.
There are monsters nearby!
There are monsters nearby!
The gnoll shouts!
A gnoll comes into view.
The gnoll barely misses you. x2
You closely miss the gnoll. The gnoll hits you with a +0 spear.
You barely miss the gnoll. You claw the gnoll.
The gnoll is moderately wounded.
The gnoll hits you from afar with a +0 halberd!
The gnoll closely misses you.
You riposte.
You barely miss the gnoll. You peck the gnoll.
The gnoll is heavily wounded.
The gnoll hits you from afar with a +0 spear!
You die...

..##### ......# .####.#
...##.# ....#.#
....#.## _......#
....#..################
....#...........@.ggg.#
...##.#.#############.#
.####...### ###
..........######### ..#
............[.....# #.#
#######.#.#######.# #.#
#.#.# #.# #.# #.#.# #.#
#.# #.#.##
#.#########.#


You could see 3 gnolls.

Vanquished Creatures
  A gnoll (D:1)
  An ooze (D:1)
  A worm (D:2)
  A dart slug (D:1)
  2 leopard geckos
  5 bats
  A giant cockroach (D:1)
  6 goblins
  6 hobgoblins
  3 frilled lizards (D:1)
  A kobold (D:1)
  7 rats
35 creatures vanquished.

Notes
Turn   | Place    | Note
-------+----------+-------------------------------------------
     0 | Abyss:1  | lessens the Tengu Abyssal Knight began the quest for the
                  | Orb.
     0 | Abyss:1  | Reached XP level 1. HP: 14/14 MP: 3/3
     7 | D:1      | Escaped the Abyss
   113 | D:1      | Reached skill level 3 in Long Blades
   113 | D:1      | Reached XP level 2. HP: 19/19 MP: 4/4
   328 | D:1      | Reached XP level 3. HP: 7/23 MP: 5/5
   870 | D:1      | Reached skill level 4 in Long Blades
   920 | D:1      | Reached ** piety under Lugonu
  1950 | D:2      | Found a sparkling altar of Nemelex Xobeh.
  2077 | D:2      | Slain by a gnoll

Illustrated notes

Levels and vault maps discovered:
D:1:      dpeg_arrival_subterranean_lakeside_camping, layout_basic,
          minmay_crystal_water, kennysheep_another_room
D:2:      layout_loops_ring, old_standard_altar, minmay_bisected

Skill      XL: |  1  2  3 |
---------------+----------+-----
Long Blades    | 3 4 |  4.5
Fighting       | |  3.0
Armour         | |  2.1
Dodging        | |  1.1
Invocations    | |  1.5

Action                   || total
-------------------------++-------
Melee: Falchion          ||    68
       Kick              ||    20
       Peck              ||     6
Armor: Leather armour    ||    14
Dodge: Dodged            ||    42
       Rpst.: Falchion   ||    16
